Map: Romanticide LE

Players

NMxMrStabby

  • Race: Zerg Zerg
  • League: Diamond

ViBE - Winner!

  • Race: Zerg Zerg
  • League: Master

VOD

Have the link to the VOD?

Description

Time

  • Played on: May 4, 2021, 6:52 p.m.
  • Length: 9:42
Show
View Real Time Build Order
Export as new Build Order

NMxMrStabby Zerg 

Build Orders: Hatch First 

Get SALT Encoding   

  12  0:00  Drone  
  13  0:13  Overlord  
  13  0:17  Drone  
  14  0:31  Drone x2  
  16  0:48  Hatchery  
  15  0:51  Drone  
  15  0:55  Drone  
  17  0:58  Drone  
  18  1:09  Extractor  
  17  1:14  Spawning Pool  
  17  1:17  Drone  
  17  1:20  Drone  
  18  1:29  Drone  
  19  1:46  Drone  
  20  1:59  Overlord  
  20  2:01  Queen x2  
  22  2:02  Zergling x4  
  26  2:10  Metabolic Boost  
  26  2:13  Drone x2  
  28  2:24  Drone  
  29  2:34  Hatchery  
  29  2:36  Zergling x2  
  29  2:44  Baneling Nest  
  29  2:45  Drone  
  29  2:54  Zergling x2  
  29  2:57  Drone x2  
  29  2:58  Drone  
  33  3:05  Overlord  
  33  3:11  Zergling x6  
  35  3:24  Zergling x10  
  40  3:28  Baneling x3  
  40  3:37  Overlord  
  40  3:42  Overlord  
  40  3:43  Drone x2  
  42  4:00  Drone x8  
  46  4:09  Roach Warren  
  45  4:10  Overlord  
  45  4:13  Zergling x4  
  45  4:16  Overlord  
  47  4:20  Baneling x2  
  47  4:29  Evolution Chamber  
  46  4:44  Drone  
  48  4:45  Drone x3  
  48  4:46  Zergling x6  
  53  4:53  Drone  
  53  4:54  Drone x5  
  53  4:56  Zerg Missile Weapons Level 1  
  57  5:07  Baneling x2  
  57  5:08  Drone x2, Queen  
  57  5:11  Overlord  
  57  5:12  Extractor, Overlord  
  60  5:28  Extractor, Lair  
  59  5:29  Drone x3  
  59  5:31  Drone  
  59  5:35  Drone x3  
  66  5:36  Extractor  
  66  5:39  Overlord x2  
  65  5:45  Drone x2  
  65  5:49  Drone x5  
  72  5:53  Baneling x3  
  72  5:55  Overlord  
  72  6:03  Drone x3  
  70  6:11  Hatchery  
  67  6:23  Extractor x2, Drone x2  
  67  6:24  Drone x2  
  67  6:25  Drone x2  
  71  6:26  Drone x3  
  71  6:28  Glial Reconstitution  
  71  6:32  Evolution Chamber  
  73  6:34  Baneling x2  
  73  6:41  Queen  
  73  6:46  Roach  
  73  6:47  Roach x11  
  99  6:51  Drone  
  99  6:52  Zerg Missile Weapons Level 2  
  99  6:53  Overlord  
  99  6:54  Overlord x2  
  100  6:55  Pneumatized Carapace  
  100  7:01  Spine Crawler  
  99  7:07  Drone x7  
  106  7:08  Overlord  
  106  7:09  Overlord  
  106  7:12  Zerg Ground Armor Level 1  
  106  7:16  Overlord x2  
  106  7:21  Queen  
  108  7:24  Drone x4  
  112  7:36  Queen  
  114  7:41  Drone x9  
  114  7:43  Extractor x2  
  121  7:48  Overseer  
  121  7:53  Roach x6  
  133  8:01  Roach  
  133  8:02  Roach x3  
  141  8:11  Roach x6  
  153  8:20  Overlord x3  
  153  8:21  Roach x5  
  163  8:36  Overlord  
  163  8:37  Overlord x2  
  163  8:38  Roach x6  
  175  8:41  Ravager x4  
  175  8:42  Ravager x10  
  175  8:48  Hydralisk Den  
  188  8:49  Overlord x4  
  188  9:00  Roach x2  
  188  9:01  Roach x4  
  194  9:22  Roach x8  
Show
View Real Time Build Order
Export as new Build Order

ViBE Zerg - Winner!

Build Orders: Hatch First 

Get SALT Encoding   

  12  0:00  Drone  
  13  0:13  Overlord  
  13  0:20  Drone  
  14  0:33  Drone  
  14  0:34  Drone  
  16  0:49  Hatchery  
  15  0:52  Drone  
  15  0:55  Drone  
  17  0:58  Drone  
  18  1:08  Extractor  
  17  1:14  Spawning Pool  
  17  1:17  Drone  
  17  1:22  Drone  
  18  1:31  Drone  
  19  1:56  Overlord  
  19  2:01  Queen  
  19  2:03  Queen  
  19  2:05  Zergling x4  
  25  2:10  Metabolic Boost  
  25  2:12  Drone x3  
  28  2:22  Drone  
  29  2:24  Drone  
  30  2:34  Drone  
  30  2:35  Drone  
  32  2:49  Hatchery  
  31  2:53  Drone x2  
  31  2:57  Baneling Nest  
  32  3:01  Overlord  
  31  3:09  Queen  
  32  3:16  Zergling x6  
  32  3:18  Drone, Overlord  
  36  3:29  Drone  
  36  3:30  Drone x5  
  42  3:36  Zergling x2  
  42  3:37  Zergling x2  
  44  3:41  Baneling x3  
  44  3:42  Baneling  
  44  3:47  Zergling x4  
  46  3:49  Queen  
  48  4:03  Hatchery  
  48  4:05  Drone x2  
  48  4:06  Drone x2, Overlord  
  51  4:13  Overlord x2  
  51  4:18  Extractor  
  51  4:19  Extractor, Roach Warren  
  51  4:20  Drone x2, Evolution Chamber  
  49  4:26  Drone  
  49  4:27  Drone  
  51  4:35  Overlord  
  51  4:40  Drone x3  
  51  4:41  Lair  
  54  4:50  Drone  
  55  5:04  Drone  
  55  5:05  Drone x8  
  59  5:25  Overlord x2  
  58  5:30  Drone x2  
  58  5:33  Drone x3  
  63  5:35  Zerg Missile Weapons Level 1  
  63  5:38  Extractor  
  62  5:42  Glial Reconstitution  
  62  5:44  Roach x3  
  68  5:58  Roach  
  68  5:59  Roach x5  
  80  6:18  Drone x8  
  87  6:26  Drone x6  
  87  6:28  Drone x2  
  87  6:30  Extractor  
  94  6:33  Extractor  
  94  6:34  Overlord x4  
  93  6:42  Hatchery  
  92  6:49  Roach  
  92  6:50  Roach x2  
  98  6:54  Evolution Chamber  
  98  6:58  Drone  
  98  6:59  Roach  
  98  7:00  Roach x7  
  114  7:07  Overseer  
  114  7:14  Roach x5  
  124  7:25  Roach  
  124  7:26  Roach x6  
  138  7:30  Zerg Ground Armor Level 1  
  138  7:45  Overlord x5  
  138  7:59  Overlord x2  
  140  8:05  Roach  
  140  8:06  Roach x11  
  140  8:10  Overseer  
  140  8:11  Overseer  
  140  8:12  Overlord  
  162  8:19  Drone  
  163  8:21  Infestation Pit, Roach x5  
  163  8:23  Ravager x3  
  163  8:24  Ravager x4  
  179  8:37  Roach x6  
  179  8:39  Ravager  
  192  8:46  Roach x4  
  194  9:23  Roach  
Tags
 
Add a new tag
Caveats
  • Supply blocks, unpowered buildings, or Contaminate may cause inaccurate times.
  • Supply counts are checked every 10 seconds.